 Seeded DCSS version 0.29.1-13-g9f3cf754e1 (webtiles) character file.

Game seed: 16245865983455551772 (custom seed)

9 OTABOTABOTAB the Caller (level 2, 17/17 HPs)
             Began as an Octopode Summoner on Jan 28, 2023.
             Quit the game on level 1 of the Dungeon.
             The game lasted 00:01:17 (331 turns).

OTABOTABOTAB the Caller (Octopode Summoner)          Turns: 331, Time: 00:01:17

Health: 17/17      AC:  1    Str:  7    XL:     2   Next: 12%
Magic:  5/5        EV: 13    Int: 17    God:
Gold:   1177       SH:  0    Dex: 12    Spells: 2/5 levels left

rFire   . . .      SeeInvis .   a - +0 sling
rCold   . . .      Faith    .   (no shield)
rNeg    . . .      Spirit   .   (helmet restricted)
rPois   .          Reflect  .   (no amulet)
rElec   .          Harm     .   (no ring)
rCorr   .          Rampage  .   (no ring)
Will    .....                   (no ring)
Stlth   +++.......              (no ring)
HPRegen 0.05/turn               (no ring)
MPRegen 0.09/turn               (no ring)
                                (no ring)
                                (no ring)

@: flying
A: almost no armour, amphibious, 8 rings, camouflage 1, gelatinous body 1,
(nimble swimmer 1), tentacles
a: no special abilities


You were on level 1 of the Dungeon.
You visited 1 branch of the dungeon, and saw 1 of its levels.

You collected 1177 gold pieces.

Inventory:

Hand Weapons
 a - a +0 sling (weapon)
   (You found it on level 1 of the Dungeon)
 b - a +0 dagger
   (You found it on level 1 of the Dungeon)
Potions
 c - a potion of might {unknown}
 L - a potion of flight
 M - a potion of magic


   Skills:
 - Level 2.0 Dodging
 - Level 2.6 Stealth
 + Level 2.3 Spellcasting
 + Level 4.2 Summonings


You had 2 spell levels left.
You knew the following spells:

 Your Spells              Type           Power      Damage    Failure   Level
a - Summon Small Mammal   Summ           64%        N/A       3%          1
c - Call Imp              Summ           16%        N/A       4%          2

Your spell library contained the following spells:

 Spells                   Type           Power      Damage    Failure   Level
 Sting                    Tmut/Pois      4%         1d3       19%         1
 Call Canine Familiar     Summ           16%        N/A       10%         3
 Summon Guardian Golem    Hex/Summ       9%         N/A       24%         3
 Mephitic Cloud           Conj/Pois/Air  1%         N/A       50%         3
 Summon Lightning Spire   Summ/Air       9%         N/A       61%         4
 Airstrike                Air            0%         2d(1-17)  88%         4
 Storm Form               Tmut/Air       0%         N/A       100%        7
 Chain Lightning          Conj/Air       0%         2d1       100%        9


Dungeon Overview and Level Annotations

Branches:
Dungeon (1/15)

Altars:


Innate Abilities, Weirdness & Mutations

You cannot wear most types of armour.
You are amphibious.
You can wear up to eight rings at the same time.
Your skin changes colour to match your surroundings (Stealth+).
Your rubbery body absorbs attacks. (AC +1, EV +1)
((You are camouflaged when in or above water. (Stealth+)))
You have tentacles for arms and can constrict up to eight enemies at once.


Message History

Your quokka barely misses the quokka.
The quokka misses your quokka.
Your quokka closely misses the quokka.
The quokka barely misses your quokka.
Your bat barely misses the quokka.
Your bat barely misses the quokka.
Your quokka bites the quokka.
The quokka barely misses your quokka. The quokka bites your quokka.
Your quokka barely misses the quokka.
Your bat misses the quokka. Your quokka misses the quokka.
The quokka barely misses your quokka.
Your quokka bites the quokka but does no damage.
The quokka barely misses your quokka.
Your bat hits the quokka but does no damage.
Your quokka barely misses the quokka.
The quokka bites your quokka.
Your quokka dies!
Your quokka's corpse disappears in a puff of smoke!
Your bat hits the quokka but does no damage.
The quokka completely misses your bat.
You don't know that spell.
You miscast Summon Small Mammal.
You are very lightly contaminated with residual magic.
Nothing appears to happen.
Your bat closely misses the quokka.
The quokka barely misses your bat.
You now have 1/3 mp.
Your bat hits the quokka.
You now have 0/3 mp.
Your bat hits the quokka but does no damage.
Your bat completely misses the quokka.
The quokka bites your bat.
Your bat dies!
Your bat's corpse disappears in a puff of smoke!
The quokka completely misses your rat. The quokka bites your rat.
Your rat dies!
Your rat's corpse disappears in a puff of smoke!
Unknown command.
Fire: a) +0 sling
Aim: a quokka (purple smoke, almost dead, 38% to hit)
You shoot a sling bullet. The sling bullet hits the quokka.
You kill the quokka!
Your magical contamination has completely faded away.
Unknown command.
An endoplasm comes into view.
You shoot a sling bullet. The endoplasm quivers.
The sling bullet hits the endoplasm.
You shoot a sling bullet.
The sling bullet hits the endoplasm but does no damage.
An endoplasm is nearby!
You shoot a sling bullet. The sling bullet hits the endoplasm.
You kill the endoplasm!
You have reached level 2!
Health restored: 17 You regained 2 mp, and now have 3/5 mp.
Memorise Call Imp, consuming 2 spell levels and leaving 2?
You start memorising the spell.
You continue memorising. x2
You finish memorising.
Spell assigned to 'c'.
Okay, then.
Unknown command.
You see here a quokka corpse.
c - a fuming brown potion MP restored: 5 You now have 1177 gold pieces (gained 10).
d - 2 cyan potions
Found a faded altar of an unknown god.
There is a faded altar of an unknown god here.
You open the door.
A rat and an endoplasm come into view.
There are monsters nearby!
You shoot a sling bullet. The sling bullet hits the endoplasm!
You kill the endoplasm!
You shoot a sling bullet.
The sling bullet hits the rat but does no damage.
You shoot a sling bullet.
The sling bullet closely misses the rat.
The rat twitches its whiskers.
You shoot a sling bullet. The sling bullet hits the rat.
You shoot a sling bullet.
The sling bullet closely misses the rat.
The rat barely misses you.
You shoot a sling bullet.
The sling bullet closely misses the rat.
The rat barely misses you.
You shoot a sling bullet.
The sling bullet closely misses the rat.
The rat twitches its whiskers.
The rat closely misses you. The rat barely misses you.
You shoot a sling bullet. The sling bullet barely misses the rat.
The rat barely misses you.
You shoot a sling bullet. The sling bullet barely misses the rat.
The rat twitches its whiskers.
The rat bites you but does no damage.
You shoot a sling bullet.
The sling bullet hits the rat but does no damage.
The rat closely misses you. The rat misses you.
You shoot a sling bullet. The sling bullet hits the rat.
You kill the rat!
No target in view!
It was a potion of flight.
You feel very buoyant.
You fly up into the air.
L - a potion of flight Unknown command.

.##
##......##.##.##.##.#
#.
#.#.##.###.##.......#
## #.##.##.#
#.#####.#### # #.#
#.##+# #.# #.# ##
#..... ..# #.#
##..... ## #.# ......
##.## .
.......####.#.### .
......'@..###..# .
......##.## ##_#
..... ##.###.## ....
##.#..# ... ##.#.# #+
###.# #.# #.# #.#


There were no monsters in sight!

Vanquished Creatures
  3 endoplasms (D:1)
  A goblin (D:1)
  2 quokkas (D:1)
  A rat (D:1)
7 creatures vanquished.

Notes
Turn   | Place    | Note
-------+----------+-------------------------------------------
     0 | D:1      | OTABOTABOTAB the Octopode Summoner began the quest for the
                  | Orb.
     0 | D:1      | Reached XP level 1. HP: 11/11 MP: 3/3
   177 | D:1      | Identified 3 scrolls of acquirement
   177 | D:1      | Acquired 335 gold pieces
   178 | D:1      | Acquired 832 gold pieces
   179 | D:1      | Acquired the Textbook on the Hazy Stinger
   219 | D:1      | Reached XP level 2. HP: 17/17 MP: 3/5
   222 | D:1      | Learned a level 2 spell: Call Imp
   300 | D:1      | Found a faded altar of an unknown god.
   331 | D:1      | Quit the game

Illustrated notes

Levels and vault maps discovered:
D:1:      minmay_arrival_hallway, layout_loops_corners, basic_ecumenical_altar,
          minmay_unequal

Action                   || total
-------------------------++-------
 Fire: Sling             ||    23
 Cast: Summon Small Mamm ||     5
  Use: Scroll            ||     3
       Potion            ||     1
Armor: Skin              ||     1
Dodge: Dodged            ||     9

Table legend: (Time is in decaauts)
 A = Elapsed time spent in this place.
 B = Non-inter-level travel time spent in this place.
 C = Inter-level travel time spent in this place.
 D = Time resting spent in this place.
 E = Time spent auto-exploring this place.
 F = Levels seen in this place.
 G = Mean time per level.
                   A        B        C        D        E       F      G
               +--------+--------+--------+--------+--------+-----+--------+
         Total |    339 |    339 |      0 |      0 |    242 |   1 |  339.0 |
       Dungeon |    339 |    339 |      0 |      0 |    242 |   1 |  339.0 |
               +--------+--------+--------+--------+--------+-----+--------+

Top non-repeatable levels by time:
     D:1: 339 daAuts

Table legend:
 A = Kills in this place as a percentage of kills in entire the game.
 B = Kills by you in this place as a percentage of kills by you in the entire game.
 C = Kills by friends in this place as a percentage of kills by friends in the entire game.
 D = Other kills in this place as a percentage of other kills in the entire game.
 E = Experience gained in this place as a percentage of experience gained in the entire game.
 F = Experience gained in this place divided by the number of levels of this place that you have seen.
                   A       B       C       D       E      F
               +-------+-------+-------+-------+-------+----------------------
         Total | 100.0 | 100.0 |   N/A |   N/A | 100.0 |  13.0
       Dungeon | 100.0 | 100.0 |   N/A |   N/A | 100.0 |  13.0
               +-------+-------+-------+-------+-------+----------------------
